 Dungeon Crawl Stone Soup version 0.23-a0-49-gd9f7a49 (webtiles) character file.

147 inc the Magician (level 5, -1/35 HPs)
             Began as a Mummy Fire Elementalist on Aug 6, 2018.
             Slain by Crazy Yiuf
             ... wielding a +4 quarterstaff of chaos
              (9 damage)
             ... on level 2 of the Dungeon.
             The game lasted 00:04:01 (2461 turns).

inc the Magician (Mummy Fire Elementalist)          Turns: 2461, Time: 00:04:01

Health: -1/35      AC:  5    Str: 12    XL:     5   Next: 7%
Magic:  3/10       EV: 10    Int: 15    God:
Gold:   68         SH:  0    Dex: 12    Spells: 3/11 levels left

rFire    x . .     SeeInvis .   c - +0 dagger
rCold    + . .     Gourm    .   (no shield)
rNeg     + + +     Faith    .   h - +0 ring mail (curse)
rPois    ∞         Spirit   .   (no helmet)
rElec    .         Reflect  .   (no cloak)
rCorr    .         Harm     .   (no gloves)
MR       .....                  (no boots)
Stlth    +.........             (no amulet)
HPRegen  0.11/turn              (no ring)
MPRegen  0.12/turn              (no ring)

@: very slightly contaminated
A: no food or potions, fire vulnerability, cold resistance 1, negative energy
resistance 3, torment resistance, unbreathing
a: no special abilities


You were on level 2 of the Dungeon.
You were not hungry.

You visited 1 branch of the dungeon, and saw 3 of its levels.

You collected 68 gold pieces.

Inventory:

Hand Weapons
 c - a +0 dagger (weapon)
 n - a +2 mace of holy wrath
Armour
 a - a +0 robe
 h - a cursed +0 ring mail (worn)
 k - a +0 hat
Scrolls
 b - a scroll of identify
 d - 2 scrolls of enchant armour
 e - a scroll of fog
 f - a scroll of amnesia
 g - 2 scrolls of enchant weapon
 i - a scroll of remove curse
 j - a scroll of random uselessness
 l - a scroll of immolation
 m - a scroll of noise


   Skills:
 - Level 1.5 Dodging
 - Level 1.5 Stealth
 + Level 3.7 Spellcasting
 + Level 3.1 Conjurations
 + Level 3.0 Fire Magic


You had 3 spell levels left.
You knew the following spells:

 Your Spells              Type           Power        Failure   Level  Hunger
a - Flame Tongue          Conj/Fire      ##...        12%         1    N/A
b - Conjure Flame         Conj/Fire      ##......     34%         3    N/A
c - Sticky Flame          Conj/Fire      ##......     75%         4    N/A

Your spell library contained the following spells:

 Spells                   Type           Power        Failure   Level  Hunger
 Fireball                 Conj/Fire      ##........   97%         5    N/A
 Throw Flame              Conj/Fire      ##....       19%         2    N/A
 Inner Flame              Hex/Fire       #.......     56%         3    N/A

Dungeon Overview and Level Annotations

Branches:
Dungeon (3/15)

Altars:
Trog

Annotations:
D:2 Crazy Yiuf, Terence


Innate Abilities, Weirdness & Mutations

You do not eat or drink.
Your flesh is vulnerable to fire.
You are immune to poison.
Your flesh is cold resistant. (rC+)
You are immune to negative energy. (rN+++)
You are immune to unholy pain and torment.
You can survive without breathing.


Message History

Casting: Flame Tongue (safe; 12% risk of failure)
Confirm with . or Enter, or press ? or * to list all spells.
Aiming: Flame Tongue (safe; 12% risk of failure)
Press: ? - help, Shift-Dir - straight line, f/p - Crazy Yiuf
Aim: Crazy Yiuf, wielding a quarterstaff of chaos and wearing a cloak (heavily wounded)
The flame tongue hits Crazy Yiuf.
Crazy Yiuf is almost dead.
Crazy Yiuf hits you with a quarterstaff of chaos.
* * * LOW HITPOINT WARNING * * *
Crazy Yiuf burns you.
* * * LOW HITPOINT WARNING * * *
Casting: Flame Tongue (safe; 12% risk of failure)
Confirm with . or Enter, or press ? or * to list all spells.
Aiming: Flame Tongue (safe; 12% risk of failure)
Press: ? - help, Shift-Dir - straight line, f/p - Crazy Yiuf
Aim: Crazy Yiuf, wielding a quarterstaff of chaos and wearing a cloak (almost dead)
The flame tongue hits Crazy Yiuf.
Crazy Yiuf is almost dead.
Crazy Yiuf hits you with a quarterstaff of chaos!
You die...

#...†..........# #...# #.
##.######.####.# ###.# #.
#.# #.# .# #.# #. #.# #.#
.# #.##### #. ###.######.#
.# #.....# #. #........#.#
.#########.# ##
########.#.####.#..)....#.#
#........#.####..#†#
#.#.###@.#.###...#.#
###.#.#g.#.......#.#####
#.#....#####.#.#......
#.#(##....(.....÷..###
#.#.##.....#.#........
#.#............#......
#.########..##.#......
##....## #.[##.#.#####
#.)....# #.....#.#....


You could see Crazy Yiuf.

Vanquished Creatures
  Jessica (D:2)
  6 adders
  An ooze (D:3)
  A worm (D:2)
  3 dart slugs
  5 leopard geckos
  2 orcs (D:3)
  9 goblins
  2 hobgoblins (D:1)
  2 ball pythons
  5 bats
  4 frilled lizards
  3 kobolds
  11 rats
  A fungus (D:2)
56 creatures vanquished.

Notes
Turn   | Place    | Note
-------+----------+-------------------------------------------
     0 | D:1      | inc the Mummy Fire Elementalist began the quest for the Orb.
     0 | D:1      | Reached XP level 1. HP: 13/13 MP: 4/4
   184 | D:1      | Reached skill level 1 in Conjurations
   490 | D:1      | Reached XP level 2. HP: 19/19 MP: 2/5
   947 | D:2      | Reached XP level 3. HP: 20/24 MP: 0/7
  1037 | D:2      | Noticed Terence
  1047 | D:2      | Learned a level 3 spell: Conjure Flame
  1253 | D:2      | Found a runed door.
  1259 | D:2      | Noticed Crazy Yiuf
  1667 | D:3      | Found a bloodstained altar of Trog.
  1731 | D:3      | Reached XP level 4. HP: 30/30 MP: 4/8
  1863 | D:3      | Noticed an ogre
  2094 | D:2      | Learned a level 4 spell: Sticky Flame
  2123 | D:2      | Noticed Jessica
  2126 | D:2      | Killed Jessica
  2256 | D:2      | Reached XP level 5. HP: 26/35 MP: 4/10
  2461 | D:2      | Slain by Crazy Yiuf

Vault maps used:
D:1:      evilmike_arrival_rings, st_stairs_12
D:2:      first_ration, uniq_crazy_yiuf_cottage, uniq_terence, uniq_jessica
D:3:      trog_butcher_becter

Skill      XL: |  1  2  3  4 |
---------------+-------------+-----
Conjurations   | 1 2 3 |  3.1
Spellcasting   | 3 |  3.7
Fire Magic     | 3 |  3.0
Dodging        | |  1.5
Stealth        | |  1.5

Action                   |  1- 3 |  4- 6 || total
-------------------------+-------+-------++-------
Melee: Dagger            |    27 |     2 ||    29
 Cast: Flame Tongue      |    67 |    48 ||   115
       Conjure Flame     |     1 |       ||     1
  Use: Scroll            |       |     8 ||     8
Armor: Robe              |     4 |     4 ||     8
Dodge: Dodged            |    31 |    15 ||    46

Table legend:
 A = Spawn XP
 B = Non-spawn XP
 C = Spawn XP percentage of total XP
 D = Spawn monster count
 E = Non-spawn monster count
 F = Spawn count percentage of total count
 G = Total turns spent on level
                    A         B        C        D         E        F      G
               +---------+---------+-------+---------+---------+-------+---------
         Total |       0 |     210 |   0.0 |       0 |      55 |   0.0 |  2461
               +---------+---------+-------+---------+---------+-------+---------
           D:1 |       0 |      34 |   0.0 |       0 |      20 |   0.0 |   929
           D:2 |       0 |     124 |   0.0 |       0 |      17 |   0.0 |   897
           D:3 |       0 |      52 |   0.0 |       0 |      18 |   0.0 |   635
               +---------+---------+-------+---------+---------+-------+---------
